 Dungeon Crawl Stone Soup version 0.19-a0-1740-g0bcaf2e (webtiles) character file.

44 Amnesiac the Digger (level 3, -6/24 HPs)
             Began as a Mummy Earth Elementalist on Oct 1, 2016.
             Mangled by a worker ant (7 damage)
             ... on level 4 of the Dungeon.
             The game lasted 00:04:28 (1212 turns).

Amnesiac the Digger (Mummy Earth Elementalist)      Turns: 1212, Time: 00:04:29

Health: -6/24      AC:  2    Str: 11    XL:     3   Next: 39%
Magic:  0/6        EV: 12    Int: 14    God:
Gold:   38         SH:  0    Dex: 13    Spells: 2 memorised, 3 levels left

rFire  x . .     SeeInvis .     (no weapon)
rCold  + . .     Gourm    .     c - +0 robe
rNeg   + + +     Faith    .     (no shield)
rPois  ∞         Spirit   .     (no helmet)
rElec  .         Dismiss  .     (no cloak)
rCorr  .         Reflect  .     (no gloves)
MR     .....     Harm     .     (no boots)
Stlth  ++........               (no amulet)
                                (no ring)
                                (no ring)

@: no status effects
A: no food or potions, fire vulnerability, cold resistance 1, negative energy
resistance 3, torment resistance, unbreathing
a: no special abilities


You were on level 4 of the Dungeon.
You were not hungry.

You visited 2 branches of the dungeon, and saw 5 of its levels.

You collected 38 gold pieces.

Inventory:

Hand Weapons
 a - a +0 dagger
 h - a +0 blowgun
Missiles
 i - a poisoned needle
Armour
 c - a +0 robe (worn)
Jewellery
 f - an uncursed amulet of guardian spirit
Scrolls
 e - 2 scrolls of identify {unknown}
Books
 d - a book of Geomancy

   Spells                             Type                      Level
   a - Sandblast                      Earth                        1
   b - Passwall                       Transmutation/Earth          2
   c - Stone Arrow                    Conjuration/Earth            3
   d - Petrify                        Transmutation/Earth          4
   e - Lee's Rapid Deconstruction     Earth                        5


   Skills:
 - Level 1.5 Dodging
 - Level 1.5 Stealth
 - Level 2.0 Spellcasting
 - Level 0.7 Transmutations
 + Level 3.6 Earth Magic


You had 3 spell levels left.
You knew the following spells:

 Your Spells              Type           Power        Failure   Level  Hunger
f - Sandblast             Erth           ##....       6%          1    N/A
v - Passwall              Tmut/Erth      #.........   17%         2    N/A

Dungeon Overview and Level Annotations

Branches:
Dungeon (4/15)             Temple (1/1) D:4

Altars:
Ashenzari
Cheibriados
Dithmenos
Elyvilon
Hepliaklqana
Okawaru
Ru
Uskayaw
Vehumet
The Shining One
Lugonu


Innate Abilities, Weirdness & Mutations

You do not eat or drink.
Your flesh is vulnerable to fire.
You are immune to poison.
Your flesh is cold resistant. (rC+)
You are immune to negative energy. (rN+++)
You are immune to unholy pain and torment.
You can survive without breathing.


Message History

Unknown command.
The worker ant barely misses you. The worker ant closely misses you.
Casting: Sandblast
Confirm with . or Enter, or press ? or * to list all spells.
Aiming: Sandblast
Press: ? - help, Shift-Dir - straight line, f/p - worker ant
Aim: a worker ant (severely wounded)
The rocky blast misses the worker ant.
You are now empty-handed.
The worker ant closely misses you.
Unknown command.
The worker ant bites you.
* * * LOW HITPOINT WARNING * * *
You can't drink.
Unknown command.
As you read the scroll labeled XUSOOR LOESOT, it crumbles to dust.
It is a scroll of recharging.
You aren't carrying any rechargeable items.
The worker ant bites you!
You die...

#.####.####..>....##
#.# #........# #.#
#........# ####.##
#........#
#...$.########...#
#.....#..........#
#.....#.......####
#. #.....#.......#
#..#...@.#.......#
#......a.........#
##.#.............#
#.####.#.#...#### #
#.#.#...##
#........#
#......†.#
#........#
#.........#


You could see a worker ant.

Vanquished Creatures
  2 adders (D:2)
  A dart slug (D:2)
  2 leopard geckos (D:2)
  2 giant cockroaches
  2 goblins
  4 hobgoblins
  3 bats
  3 frilled lizards
  2 kobolds
  2 rats (D:1)
23 creatures vanquished.

Notes
Turn   | Place    | Note
-------+----------+-------------------------------------------
     0 | D:1      | Amnesiac the Mummy Earth Elementalist began the quest for the Orb.
     0 | D:1      | Reached XP level 1. HP: 13/13 MP: 3/3
   577 | D:2      | Found a white marble altar of Elyvilon.
   584 | D:2      | Reached XP level 2. HP: 16/19 MP: 1/5
   616 | D:2      | Reached skill level 3 in Earth Magic
   690 | D:2      | Learned a level 2 spell: Passwall
   787 | D:2      | Found a faded altar of an unknown god.
   811 | D:2      | Reached XP level 3. HP: 24/24 MP: 1/6
  1059 | D:4      | Found a staircase to the Ecumenical Temple.
  1065 | Temple   | Entered the Ecumenical Temple
  1211 | D:4      | HP: 1/24 [worker ant (5)]
  1212 | D:4      | Mangled by a worker ant

Vault maps used:
D:1:      lightli_arrival_maybe_door_vault
D:2:      elyvilon_altar_4, first_bread, ecumenical_altar_2
D:3:      overflow_temple_1_default, lemuel_round_altar, grunt_ministairs_13
D:4:      lemuel_doored_altar, lemuel_zombie_altar_kikubaaqudgha
Temple:   corrupted_temple

Skill      XL: |  1  2 |
---------------+-------+-----
Earth Magic    | 3 |  3.6
Dodging        | |  1.5
Stealth        | |  1.5
Spellcasting   | |  2.0
Transmutations | |  0.7

Action                   || total
-------------------------++-------
Melee: Dagger            ||     3
 Fire: Blowgun           ||    10
 Cast: Sandblast         ||    52
       Passwall          ||     3
  Use: Scroll            ||     2
 Stab: Sleeping          ||     3
Armor: Robe              ||     6
Dodge: Dodged            ||    29
